Map: Glittering Ashes LE

Players

LiquidClem (Clem) - Winner!

  • Race: Terran Terran
  • League: Master

Reynor

  • Race: Zerg Zerg
  • League: Master

Event: DreamHack SC2 Masters Last Chance 2022

VOD

Have the link to the VOD?

Description

Time

  • Played on: Dec. 17, 2021, 2:06 p.m.
  • Length: 11:31

All games in this series

Show
View Real Time Build Order
Export as new Build Order

LiquidClem Terran - Winner!

Build Orders: Reaper Expand 

Get SALT Encoding   

  12  0:00  SCV  
  13  0:12  SCV  
  14  0:17  Supply Depot  
  14  0:24  SCV  
  15  0:38  SCV  
  15  0:40  Barracks  
  16  0:45  Refinery  
  16  0:50  SCV  
  17  1:03  SCV  
  18  1:15  SCV  
  19  1:27  Reaper, Orbital Command  
  20  1:39  Command Center  
  20  1:46  Supply Depot  
  20  1:52  SCV  
  21  1:58  Marine  
  22  2:04  SCV  
  23  2:09  Factory  
  23  2:16  SCV  
  23  2:21  Barracks Reactor  
  24  2:28  SCV  
  25  2:39  Command Center  
  25  2:40  SCV  
  26  2:51  Orbital Command  
  26  2:53  SCV  
  27  2:59  Starport  
  27  3:05  Refinery  
  27  3:06  SCV  
  27  3:10  Hellion  
  30  3:14  Hellion  
  30  3:17  Marine  
  30  3:18  SCV  
  34  3:21  SCV  
  35  3:30  SCV  
  35  3:33  Hellion, SCV  
  39  3:35  Hellion  
  39  3:38  Starport Tech Lab  
  41  3:43  SCV  
  41  3:48  SCV  
  42  3:51  Orbital Command  
  42  4:01  Hellion x2  
  49  4:02  SCV  
  49  4:04  SCV  
  49  4:05  Raven  
  49  4:07  Barracks Tech Lab  
  49  4:10  Supply Depot  
  49  4:15  SCV  
  49  4:16  SCV x2  
  52  4:25  Hellion x2  
  52  4:27  SCV  
  52  4:28  SCV x2  
  59  4:32  Stimpack  
  59  4:35  Supply Depot  
  59  4:39  SCV, Orbital Command  
  59  4:40  SCV, Barracks  
  59  4:41  Marine  
  59  4:43  Barracks  
  62  4:46  Refinery  
  62  4:48  Hellion  
  62  4:49  Refinery  
  62  4:51  SCV  
  62  4:52  Hellion  
  67  4:54  SCV  
  67  4:58  Supply Depot  
  67  4:59  Engineering Bay  
  68  5:00  Starport Reactor  
  68  5:01  Engineering Bay  
  68  5:03  SCV  
  68  5:05  SCV  
  68  5:06  SCV  
  71  5:08  Marine  
  72  5:15  SCV  
  72  5:17  SCV  
  72  5:19  SCV  
  72  5:20  Supply Depot  
  75  5:24  Factory Reactor  
  75  5:26  Supply Depot, Terran Infantry Weapons Level 1  
  75  5:27  Barracks  
  75  5:28  SCV, Barracks  
  76  5:29  SCV  
  76  5:32  Barracks Reactor, Marine  
  76  5:33  SCV  
  79  5:37  Terran Infantry Armor Level 1  
  79  5:38  Marine x2  
  79  5:40  SCV  
  82  5:44  SCV  
  82  5:45  Supply Depot, SCV  
  84  5:51  Marine  
  84  5:52  Supply Depot, SCV  
  84  5:54  Supply Depot  
  86  5:57  Marine x2  
  86  5:58  Medivac x2  
  86  5:59  SCV  
  86  6:00  SCV  
  91  6:05  SCV  
  91  6:09  Marine  
  91  6:10  Marine x2  
  93  6:11  SCV  
  93  6:12  SCV  
  93  6:15  Widow Mine x2, Marine  
  93  6:18  SCV  
  96  6:21  Marine  
  96  6:22  Supply Depot  
  96  6:23  Barracks Reactor x2  
  96  6:24  SCV  
  96  6:25  SCV  
  98  6:28  Marine  
  98  6:29  Combat Shield  
  98  6:31  SCV  
  100  6:33  Factory  
  100  6:35  Marine x2  
  100  6:37  SCV  
  103  6:41  SCV  
  103  6:45  Marine  
  101  6:48  Marine  
  101  6:49  SCV  
  101  6:53  Marine  
  105  6:54  SCV  
  105  6:55  SCV  
  105  6:57  Refinery, Marine  
  105  6:58  Armory  
  105  7:00  Widow Mine x2  
  111  7:01  Supply Depot, Medivac, SCV  
  111  7:03  Medivac  
  111  7:06  SCV  
  117  7:10  Marine x2  
  117  7:11  Marine x6  
  117  7:13  SCV  
  117  7:14  SCV  
  127  7:18  SCV  
  128  7:25  SCV  
  128  7:26  Command Center  
  128  7:28  Supply Depot  
  128  7:29  Supply Depot  
  129  7:30  Widow Mine x2  
  129  7:32  Marine x2  
  129  7:33  Marine  
  129  7:34  Marine  
  129  7:35  Marine  
  138  7:37  Marine  
  138  7:38  Marine  
  138  7:40  Widow Mine  
  138  7:41  Marine  
  141  7:48  Supply Depot, Drilling Claws  
  141  7:49  Marine  
  141  7:50  Marine x2  
  141  7:51  Marine  
  144  7:53  Terran Infantry Armor Level 2  
  144  7:57  Terran Infantry Weapons Level 2  
  144  7:58  Marine  
  143  8:00  Widow Mine  
  143  8:03  Widow Mine x2  
  149  8:06  Marine  
  149  8:08  Supply Depot  
  149  8:11  Marine x3  
  153  8:15  Refinery  
  153  8:17  Medivac  
  155  8:21  Marine x2  
  155  8:22  Widow Mine  
  155  8:24  Widow Mine, Sensor Tower, Marine x3  
  164  8:29  Medivac  
  164  8:31  Marine x2  
  164  8:32  Supply Depot x2  
  164  8:33  Widow Mine  
  168  8:39  Marine x2  
  169  8:41  Marine x2  
  169  8:43  Widow Mine  
  169  8:46  Marine x2  
  169  8:47  Supply Depot, Marine, Widow Mine  
  177  8:50  Medivac  
  177  8:51  Marine x2  
  177  8:52  SCV x2  
  183  8:57  Marine  
  183  8:59  Siege Tank  
  183  9:00  Marine  
  183  9:01  Marine  
  179  9:04  Widow Mine  
  179  9:05  Marine x2  
  179  9:09  Widow Mine, Marine x2  
  177  9:12  Medivac  
  177  9:16  Marine x2  
  167  9:18  Planetary Fortress  
  167  9:20  Medivac  
  167  9:21  SCV x2  
  167  9:22  SCV  
  163  9:26  Widow Mine, Marine x3  
  163  9:29  Marine x2  
  163  9:30  Widow Mine  
  170  9:33  SCV  
  170  9:36  Widow Mine  
  170  9:38  Marine x3  
  174  9:39  Marauder  
  174  9:43  Marine  
  174  9:44  Marine x2  
  176  9:48  SCV  
  176  9:49  SCV  
  176  9:50  Medivac, Barracks  
  176  9:51  SCV  
  176  9:52  Barracks  
  181  9:54  Barracks  
  181  9:56  Marine x2  
  181  9:59  Widow Mine x2  
  187  10:01  Marauder  
  187  10:05  Concussive Shells  
  187  10:06  Siege Tank  
  192  10:07  Ghost Academy  
  192  10:10  Marine  
  192  10:11  Marine  
  192  10:12  Marine  
  194  10:19  Medivac  
  189  10:22  Marauder, SCV x2  
  189  10:25  Marine  
  163  10:29  Marine x2  
  163  10:30  Marine x2  
  163  10:32  Marine x3  
  163  10:34  Widow Mine x2, Medivac  
  174  10:39  Marine x2  
  174  10:42  Marine  
  171  10:43  Marauder, Marine  
  171  10:49  Widow Mine  
  165  10:50  Marine x3  
  165  10:53  Medivac  
  165  10:54  Marine  
  165  10:55  Marine x2  
  168  10:58  Refinery, Command Center  
  168  11:10  Marine x3  
  168  11:11  Barracks Tech Lab x2, Marine  
  179  11:19  Barracks Tech Lab  
Show
View Real Time Build Order
Export as new Build Order

Reynor Zerg 

Build Orders: Hatch First 

Get SALT Encoding   

  12  0:01  Drone  
  13  0:12  Overlord  
  13  0:17  Drone  
  14  0:30  Drone x2  
  16  0:47  Hatchery  
  15  0:51  Drone  
  15  0:54  Drone  
  17  0:57  Drone  
  18  1:09  Extractor  
  17  1:13  Spawning Pool  
  17  1:15  Drone  
  17  1:19  Drone  
  18  1:27  Drone  
  19  1:38  Drone  
  20  1:49  Overlord  
  20  1:59  Queen x2  
  20  2:00  Zergling x4  
  26  2:10  Drone x2  
  26  2:13  Metabolic Boost  
  28  2:20  Drone  
  28  2:21  Drone  
  30  2:41  Drone x2  
  30  2:42  Hatchery  
  31  2:45  Queen  
  31  2:49  Overlord  
  33  2:53  Drone  
  33  2:54  Drone  
  35  3:00  Drone  
  36  3:07  Queen  
  36  3:09  Overlord  
  36  3:10  Drone  
  39  3:18  Zergling x4  
  42  3:20  Drone x2  
  42  3:23  Overlord  
  42  3:26  Drone  
  44  3:34  Drone, Queen  
  44  3:36  Drone  
  48  3:45  Drone  
  48  3:47  Drone  
  49  3:52  Queen  
  49  3:54  Drone x2  
  52  3:57  Queen  
  52  4:02  Drone x4  
  58  4:12  Overlord x2  
  58  4:19  Overlord  
  58  4:20  Spine Crawler  
  58  4:25  Overlord  
  58  4:29  Queen  
  61  4:31  Zergling x8  
  61  4:32  Zergling x2  
  61  4:33  Drone x2  
  61  4:35  Queen  
  61  4:36  Drone x2  
  61  4:37  Drone x2  
  73  4:40  Drone  
  73  4:42  Drone  
  73  4:43  Spore Crawler  
  73  4:45  Spore Crawler  
  73  4:50  Drone  
  73  4:51  Drone  
  73  4:52  Spore Crawler  
  74  4:53  Drone x2  
  74  4:54  Drone  
  74  4:55  Spore Crawler  
  76  5:02  Drone x3  
  76  5:04  Spore Crawler, Overlord  
  78  5:07  Drone, Evolution Chamber  
  78  5:09  Drone, Evolution Chamber  
  78  5:10  Drone  
  78  5:11  Drone  
  80  5:14  Drone x2  
  80  5:15  Drone  
  80  5:17  Overlord  
  83  5:29  Queen  
  83  5:33  Hatchery, Overlord  
  84  5:37  Drone x2  
  84  5:38  Zerg Ground Armor Level 1, Zerg Melee Weapons Level 1  
  84  5:39  Drone  
  84  5:40  Drone  
  84  5:41  Drone  
  89  5:50  Zergling x14  
  89  5:51  Zergling x6  
  89  5:54  Drone  
  89  5:57  Overlord  
  100  5:59  Extractor  
  100  6:00  Extractor  
  100  6:01  Drone  
  99  6:05  Drone  
  99  6:09  Drone  
  100  6:11  Drone  
  100  6:12  Drone x2  
  100  6:13  Lair  
  100  6:14  Drone  
  100  6:15  Extractor  
  100  6:16  Overlord  
  98  6:18  Drone  
  98  6:19  Queen  
  98  6:20  Extractor  
  98  6:21  Extractor  
  98  6:22  Zergling x6  
  101  6:26  Zergling x4  
  101  6:30  Zergling x2  
  104  6:36  Zergling x2  
  106  6:40  Drone  
  106  6:42  Zergling x8  
  106  6:44  Drone  
  106  6:46  Drone  
  106  6:49  Drone, Baneling Nest  
  106  6:51  Drone x2  
  106  6:52  Drone x2  
  106  6:53  Queen  
  106  6:54  Drone x2  
  110  6:55  Drone  
  110  6:57  Zergling x2  
  110  6:59  Drone  
  113  7:01  Drone  
  113  7:06  Zergling x4  
  116  7:11  Drone  
  116  7:13  Drone  
  116  7:14  Spore Crawler  
  117  7:17  Zergling x4  
  117  7:18  Drone x2  
  117  7:19  Drone x2  
  117  7:20  Drone x3, Hatchery  
  124  7:24  Overlord  
  124  7:26  Zergling x6  
  124  7:27  Zergling x2  
  124  7:29  Overlord  
  126  7:31  Hydralisk Den  
  126  7:32  Zergling x2  
  126  7:38  Zerg Melee Weapons Level 2, Zerg Ground Armor Level 2  
  126  7:41  Zergling x2  
  127  7:46  Zergling x8  
  127  7:49  Drone  
  127  7:50  Drone  
  133  7:54  Spore Crawler  
  133  7:55  Baneling x5, Centrifugal Hooks  
  133  7:57  Overlord  
  131  8:00  Pneumatized Carapace  
  131  8:01  Zergling x8  
  131  8:03  Overlord  
  133  8:07  Overlord  
  133  8:10  Zergling x4  
  133  8:11  Baneling x2  
  133  8:12  Baneling x4, Overlord  
  135  8:17  Muscular Augments  
  135  8:18  Drone x3  
  135  8:19  Drone  
  139  8:21  Extractor  
  139  8:25  Overlord  
  138  8:29  Hydralisk x11  
  160  8:36  Zergling x8  
  160  8:38  Overseer  
  160  8:40  Drone x2  
  163  8:42  Hydralisk x2  
  163  8:43  Zergling x2, Spore Crawler x2  
  165  8:48  Drone x4  
  165  8:50  Overseer  
  165  8:52  Baneling x6  
  165  8:53  Extractor  
  163  8:58  Zergling x16  
  163  9:01  Hydralisk  
  163  9:02  Hydralisk, Zergling x4  
  162  9:04  Zergling x2  
  162  9:06  Zergling x2  
  162  9:08  Zergling x4  
  156  9:10  Hydralisk  
  156  9:14  Zergling x4  
  156  9:16  Zergling x4  
  150  9:21  Zergling x4  
  151  9:28  Grooved Spines  
  151  9:32  Drone x2, Hydralisk x3  
  151  9:33  Hydralisk  
  151  9:38  Hatchery  
  160  9:42  Hydralisk x2  
  160  9:43  Hydralisk, Zergling x6  
  169  9:50  Overseer, Baneling x4  
  169  9:51  Baneling x3  
  169  9:52  Zergling x14  
  176  9:57  Overlord  
  176  9:59  Infestation Pit, Overlord  
  175  10:03  Baneling x6  
  175  10:04  Overlord  
  175  10:09  Spore Crawler  
  155  10:15  Zergling x26  
  155  10:20  Hydralisk x2  
  157  10:21  Zergling x4  
  157  10:25  Zergling x4  
  157  10:26  Overseer  
  146  10:29  Zergling x4  
  146  10:33  Baneling x3, Queen x2  
  146  10:34  Hydralisk  
  130  10:37  Hydralisk x2  
  130  10:39  Zergling x2  
  130  10:40  Zergling x10  
  130  10:42  Hydralisk  
  126  10:46  Zergling x6  
  126  10:48  Drone  
  129  10:55  Drone x3  
  131  10:59  Drone x2  
  131  11:02  Zergling x2  
  131  11:03  Zergling x2  
  135  11:05  Drone  
  135  11:13  Baneling  
  135  11:14  Baneling x10  

Tags
 
Add a new tag
Caveats
  • Supply blocks, unpowered buildings, or Contaminate may cause inaccurate times.
  • Supply counts are checked every 10 seconds.